 Dungeon Crawl Stone Soup version 0.28.0-53-g5a82cb258f (webtiles) character file.

Game seed: 840978729321395242

100 countessdiamond the Skirmisher (level 5, -1/33 HPs)
             Began as a Kobold Berserker on June 1, 2022.
             Was a Follower of Trog.
             Slain by an orc
             ... wielding a +0 hand axe
              (4 damage)
             ... on level 3 of the Dungeon.
             The game lasted 00:10:18 (7251 turns).

countessdiamond the Skirmisher (Kobold Berserker)   Turns: 7251, Time: 00:10:19

Health: -1/33      AC:  2    Str: 17    XL:     5   Next: 3%
Magic:  5/5        EV: 15    Int:  8    God:    Trog [*.....]
Gold:   32         SH:  0    Dex: 14    Spells: 4/4 levels left

rFire   . . .      SeeInvis .   a - +0 falchion
rCold   . . .      Faith    .   (no shield)
rNeg    . . .      Spirit   .   b - +0 animal skin
rPois   .          Reflect  .   (no helmet)
rElec   .          Harm     .   (no cloak)
rCorr   .          Rampage  .   (no gloves)
Will    .....                   (no boots)
Stlth   +++.......              (no amulet)
HPRegen 0.11/turn               (no ring)
MPRegen 0.09/turn               (no ring)

@: on berserk cooldown, slowed, very slow
A: small, no large weapons, nightstalker 3
a: Renounce Religion, Berserk


You were on level 3 of the Dungeon.
You worshipped Trog.
Trog was aware of your devotion.
You visited 1 branch of the dungeon, and saw 3 of its levels.

You collected 32 gold pieces.

Inventory:

Hand Weapons
 a - a +0 falchion (weapon)
 o - a +0 long sword
Armour
 b - a +0 animal skin (worn)
 f - a +0 ring mail
 j - a +0 robe
Jewellery
 k - an amulet of regeneration
 m - a +6 ring of strength
Scrolls
 d - 2 scrolls of identify {unknown}
 e - a scroll of teleportation {unknown}
 g - a scroll of enchant weapon {unknown}
 l - a scroll of noise {unknown}
 n - a scroll of magic mapping {unknown}
 p - a scroll of fear {unknown}
Potions
 c - 2 potions of curing {unknown}
 h - 2 potions of berserk rage {unknown}
 i - 2 potions of lignification {unknown}


   Skills:
 + Level 3.9 Fighting
 + Level 3.1 Long Blades
 + Level 1.6 Armour
 + Level 3.6 Dodging
 + Level 2.3 Stealth


You had 4 spell levels left.
You didn't know any spells.
Your spell library was empty.

Dungeon Overview and Level Annotations

Branches:
Dungeon (3/15)

Altars:
Kikubaaqudgha

Shops:
D:1 *


Innate Abilities, Weirdness & Mutations

You are small and have problems with some larger weapons.
You are completely attuned to the shadows.


Message History

The orc hits you with a +0 hand axe!
You barely miss the orc. The jackal misses you. The orc barely misses you.
The jackal bites you. The orc hits you with a +0 dagger. The jackal misses you.
The orc barely misses you. The jackal closely misses you.
The orc closely misses you.
You slash the jackal!
You kill the jackal!
Trog accepts your kill. The orc hits you with a +0 dagger.
The orc closely misses you. The orc hits you with a +0 dagger.
The orc closely misses you. The orc hits you with a +0 hand axe.
You have reached level 5!
You feel stronger.
You barely miss the orc. The orc hits you with a +0 dagger.
The orc closely misses you. The orc misses you.
The orc hits you with a +0 dagger.
* * * LOW HITPOINT WARNING * * *
You slash the orc!
You kill the orc!
Trog accepts your kill. The orc hits you with a +0 hand axe.
* * * LOW HITPOINT WARNING * * *
The orc hits you with a +0 dagger.
* * * LOW HITPOINT WARNING * * *
The orc closely misses you.
Unknown command.
You barely miss the orc. The orc barely misses you. The orc misses you.
The orc hits you but does no damage. x2
The orc misses you. The orc hits you with a +0 hand axe.
* * * LOW HITPOINT WARNING * * *
The orc misses you.
Things that are here:
a +0 flail; a jackal corpse Unknown command.
You hit the orc.
The orc is moderately wounded.
The orc closely misses you.
An orc comes into view. It is wielding a +0 club.
The orc misses you. The orc hits you with a +0 hand axe.
You die...

h#
################.##
#.............@....
#.####.......oo....
#.##..........##.#.
###.##.#.####.#o#
.# .....#.#.#
#.#... . .....#.#.#
#.#.... .....#.#
#.#.... .......#.
.........


You could see 3 orcs.

Vanquished Creatures
  4 adders (D:2)
  2 worms (D:2)
  A dart slug (D:3)
  2 orcs
  6 ball pythons
  2 endoplasms
  A giant cockroach (D:2)
  2 goblins (D:1)
  4 hobgoblins
  7 jackals
  4 kobolds
  4 quokkas
  3 bats
  2 frilled lizards (D:2)
  6 rats
50 creatures vanquished.

Notes
Turn   | Place    | Note
-------+----------+-------------------------------------------
     0 | D:1      | countessdiamond the Kobold Berserker began the quest for
                  | the Orb.
     0 | D:1      | Reached XP level 1. HP: 14/14 MP: 1/1
   721 | D:1      | Reached XP level 2. HP: 16/19 MP: 2/2
  1496 | D:1      | Found a faded altar of an unknown god.
  1824 | D:1      | Reached XP level 3. HP: 9/24 MP: 3/3
  1832 | D:1      | Reached skill level 1 in Stealth
  2365 | D:1      | Found Nugef's Assorted Antiques.
  3988 | D:2      | Reached XP level 4. HP: 29/29 MP: 4/4
  5197 | D:2      | Found an ancient bone altar of Kikubaaqudgha.
  5970 | D:1      | HP: 1/29 [kobold/+3 dagger (3)]
  7247 | D:3      | Reached XP level 5. HP: 11/33 MP: 5/5
  7251 | D:3      | Slain by an orc

Illustrated notes

Levels and vault maps discovered:
D:1:      dpeg_arrival_rhombus, layout_loops_ring,
          nicolae_ecumenical_snake_handling, serial_shops, shop
D:2:      layout_basic, basic_altar
D:3:      layout_basic, tgw_kikubaaqudgha, nicolae_overflow_squiral,
          gammafunk_ghost_cemetery

Skill      XL: |  1  2  3  4 |
---------------+-------------+-----
Stealth        | 1 2 |  2.3
Dodging        | 3 |  3.6
Long Blades    | 3 |  3.1
Fighting       | |  3.9
Armour         | |  1.6

Action                   |  1- 3 |  4- 6 || total
-------------------------+-------+-------++-------
Melee: Falchion          |    92 |    63 ||   155
       Punch             |     2 |       ||     2
Invok: Berserk           |       |     2 ||     2
 Stab: Sleeping          |     6 |     8 ||    14
Armor: Animal skin       |    27 |    14 ||    41
Dodge: Dodged            |   122 |    58 ||   180
